[Event "Titled Tuesday Blitz March 29 Late 2022"]
[White "Rangel, Daniel"]
[Black "Li, Ben"]
[WhiteFideId "2124475"]
[BlackFideId "2089980"]
[WhiteElo "2225"]
[BlackElo "2267"]
[Result "0-1"]
[Round "03"]
[TimeControl "180+1"]
[Date "2022.03.30"]
[WhiteClock "0:00:03"]
[BlackClock "0:00:34"]

1. d4 d5 2. Nf3 Nf6 3. g3 c5 4. Bg2 cxd4 5. Nxd4 e5 6. Nb3 Nc6 7. O-O Be7 8. Nc3 Be6 9. Bg5 d4 10. Na4 Nd7 11. Bxe7 Qxe7 12. c3 dxc3 13. Nxc3 Nf6 14. e4 Rd8 15. Nd5 Bxd5 16. exd5 O-O 17. Rc1 Nb4 18. Re1 Nbxd5 19. Qe2 Rfe8 20. Qb5 a6 21. Qc5 Qe6 22. Nd4 Qg4 23. Nf3 e4 24. h3 Qd7 25. Ng5 e3 26. fxe3 h6 27. Nf3 Ne4 28. Qd4 Nxg3 29. Rcd1 Qe7 30. Nh4 Nxe3 31. Qxd8 Rxd8 32. Rxe3 Rxd1+ 33. Kf2 Rd2+ 34. Kf3 Qg5 35. Re8+ Kh7 36. Bf1 Nxf1 0-1


[Site "https://www.chess.com"]

[Event "Titled Tuesday Blitz March 29 Late 2022"]
[White "Riazantsev, Alexander"]
[Black "Derraugh, Geordie"]
[WhiteFideId "4125029"]
[BlackFideId "2603950"]
[WhiteElo "2595"]
[BlackElo "2116"]
[Result "1-0"]
[Round "03"]
[TimeControl "180+1"]
[Date "2022.03.30"]
[WhiteClock "0:00:47"]
[BlackClock "0:00:07"]

1. e4 c5 2. Nf3 d6 3. Bb5+ Nd7 4. O-O Nf6 5. Re1 a6 6. Bf1 Qc7 7. c3 e5 8. d4 cxd4 9. cxd4 Be7 10. Nc3 O-O 11. Bg5 b5 12. Rc1 Qd8 13. a3 Bb7 14. d5 h6 15. Bh4 Nh7 16. Bxe7 Qxe7 17. Nd2 f5 18. exf5 Rxf5 19. Nb3 Raf8 20. f3 Ng5 21. Na5 Ba8 22. Nc6 Qf7 23. Re3 Kh8 24. Ne2 Nb6 25. Nc3 Qg6 26. Kh1 Qe8 27. Bd3 Rf4 28. Be4 Rh4 29. Qe1 Qh5 30. Qg3 Nc4 31. Re2 Nxe4 32. Nxe4 Rff4 33. Ne7 Kh7 34. Kg1 Rf7 35. Nc8 Bxd5 36. Ncxd6 Rff4 37. Nxc4 Bxc4 38. Rd2 Rxe4 39. fxe4 Rxe4 40. Re1 Rg4 41. Qf2 e4 42. h3 Rg6 43. Kh1 Be6 44. Re3 Qg5 45. Rde2 Bf5 46. Re1 h5 47. Rf1 Rf6 48. Qf4 Qxf4 49. Rxf4 Kg6 50. Kh2 Kg5 51. Rf2 Bg6 52. Rxf6 gxf6 53. Kg3 h4+ 54. Kf2 Kf4 55. g3+ hxg3+ 56. Rxg3 Bf5 57. h4 Ke5 58. h5 Bh7 59. h6 f5 60. Rg7 f4 61. Rxh7 e3+ 62. Kf3 1-0


[Site "https://www.chess.com"]

[Event "Titled Tuesday Blitz March 29 Late 2022"]
[White "Ricaurte Lopez, Juan Carlos"]
[Black "Estrada Nieto, Julian"]
[WhiteFideId "3600327"]
[BlackFideId "5101018"]
[WhiteElo "2209"]
[BlackElo "2246"]
[Result "0-1"]
[Round "03"]
[TimeControl "180+1"]
[Date "2022.03.30"]
[WhiteClock "0:00:18"]
[BlackClock "0:01:22"]

1. e4 e5 2. d4 exd4 3. c3 d5 4. exd5 Qxd5 5. Nf3 Nc6 6. cxd4 Bg4 7. Be2 Bb4+ 8. Nc3 Bxf3 9. Bxf3 Qc4 10. Bxc6+ bxc6 11. Qe2+ Qxe2+ 12. Kxe2 Nf6 13. Rd1 O-O 14. Be3 Rfe8 15. Rac1 Re6 16. Na4 Nd5 17. Kf3 Rae8 18. Rd3 Rf6+ 19. Kg4 Re4+ 20. Kh3 Bd6 21. Nc5 Nxe3 22. g3 Rh6# 0-1


[Site "https://www.chess.com"]

[Event "Titled Tuesday Blitz March 29 Late 2022"]
[White "Romanchuk, Viktor"]
[Black "Stanisz, Patryk"]
[WhiteFideId "14109271"]
[BlackFideId "1123106"]
[WhiteElo "2242"]
[BlackElo "1876"]
[Result "1/2-1/2"]
[Round "03"]
[TimeControl "180+1"]
[Date "2022.03.30"]
[WhiteClock "0:00:27"]
[BlackClock "0:00:11"]

1. d4 Nf6 2. c4 h6 3. Nc3 e6 4. g3 Bb4 5. Bd2 O-O 6. Bg2 c6 7. a3 Ba5 8. Nf3 d5 9. b4 Bc7 10. Qb3 Nbd7 11. O-O Re8 12. Rad1 dxc4 13. Qxc4 e5 14. dxe5 Nxe5 15. Nxe5 Bxe5 16. Bxh6 Qe7 17. Bd2 a5 18. Ne4 Be6 19. Qc2 Bg4 20. Rfe1 Red8 21. Be3 axb4 22. Bc5 Rxd1 23. Rxd1 Qe6 24. Nxf6+ Bxf6 25. Bxb4 Qxe2 26. Qxe2 Bxe2 27. Re1 Bc4 28. h4 Be6 29. Bf3 Bb2 30. Re3 Bd4 31. Rd3 c5 32. Be1 Ra7 33. Kg2 Bc4 34. Rd1 Rxa3 35. Bxb7 Ra7 36. Bf3 Re7 1/2-1/2


[Site "https://www.chess.com"]

[Event "Titled Tuesday Blitz March 29 Late 2022"]
[White "Ronka, Erik"]
[Black "Hardaway, Brewington"]
[WhiteFideId "505080"]
[BlackFideId "30941849"]
[WhiteElo "2264"]
[BlackElo "1768"]
[Result "1-0"]
[Round "03"]
[TimeControl "180+1"]
[Date "2022.03.30"]
[WhiteClock "0:00:18"]
[BlackClock "0:00:06"]

1. e4 c5 2. Nf3 d6 3. d4 cxd4 4. Nxd4 Nf6 5. Nc3 g6 6. Be3 Bg7 7. f3 O-O 8. Qd2 Nc6 9. Bc4 Bd7 10. O-O-O Rc8 11. Bb3 Na5 12. Kb1 Nc4 13. Bxc4 Rxc4 14. g4 b5 15. h4 b4 16. Nce2 h5 17. gxh5 Nxh5 18. Rdg1 Qc7 19. Ng3 Nxg3 20. Rxg3 d5 21. Rhg1 e5 22. Nf5 d4 23. Bh6 Bxf5 24. Bxg7 Rc8 25. Qh6 f6 26. Bxf6 Kf7 27. exf5 gxf5 28. Rg7+ Ke6 29. Rxc7 R8xc7 30. Bd8+ Kd5 31. Bxc7 Rxc7 32. b3 d3 33. cxd3 Rc3 34. Qf8 Kd4 35. Qd6+ Ke3 36. Qxe5+ Kd2 37. Qe1+ Kxd3 38. Qd1+ Ke3 39. Re1+ Kf2 40. Qd2+ Kg3 41. Qxc3 bxc3 42. h5 1-0


[Site "https://www.chess.com"]

[Event "Titled Tuesday Blitz March 29 Late 2022"]
[White "Rorrer, Grayson"]
[Black "Karavaeva, Olga"]
[WhiteFideId "30944996"]
[BlackFideId "4124111"]
[WhiteElo "2122"]
[BlackElo "2105"]
[Result "1-0"]
[Round "03"]
[TimeControl "180+1"]
[Date "2022.03.30"]
[WhiteClock "0:00:01"]
[BlackClock "0:00:23"]

1. e4 c5 2. Nf3 e6 3. d4 cxd4 4. Nxd4 Nf6 5. Bd3 Nc6 6. Nxc6 bxc6 7. O-O d5 8. Nc3 Bb4 9. e5 Nd7 10. f4 Qb6+ 11. Kh1 a5 12. Qe2 g6 13. a3 Be7 14. Nd1 O-O 15. Ne3 Ba6 16. c4 Nc5 17. f5 Nxd3 18. Qxd3 Bxc4 19. Nxc4 dxc4 20. Qxc4 exf5 21. Bh6 Rfd8 22. e6 f6 23. Rad1 Qb5 24. Qc3 Rd5 25. Rc1 c5 26. Qf3 Rad8 27. Bf4 Rd3 28. Qe2 c4 29. Qc2 R8d4 30. Bg3 Rd2 31. Qc3 Qxb2 32. Qxa5 Qxa3 33. Qc7 Qxc1 34. Be1 Rd1 35. Qxe7 Qg5 36. Qf7+ 1-0


[Site "https://www.chess.com"]

[Event "Titled Tuesday Blitz March 29 Late 2022"]
[White "Rozman, Levy"]
[Black "Vasquez Schroeder, Rodrigo"]
[WhiteFideId "2039877"]
[BlackFideId "3400042"]
[WhiteElo "2376"]
[BlackElo "2561"]
[Result "0-1"]
[Round "03"]
[TimeControl "180+1"]
[Date "2022.03.29"]
[WhiteClock "0:00:18"]
[BlackClock "0:01:33"]

1. d4 Nf6 2. Bg5 e6 3. Nd2 h6 4. Bh4 d6 5. e4 Nbd7 6. Bd3 b6 7. Qe2 e5 8. d5 Be7 9. b4 Nxd5 10. exd5 Bxh4 11. g3 Be7 12. f4 a5 13. Ngf3 exf4 14. gxf4 Nf6 15. Rg1 Kf8 16. Qg2 Rg8 17. Nd4 Bd7 18. b5 Ng4 19. O-O-O Ne3 20. Qe4 Nxd1 21. Kxd1 Bf6 22. Ne6+ fxe6 23. dxe6 d5 24. Qf5 Be8 25. Nf3 Ke7 26. Ne5 Qd6 27. Qh7 Bh5+ 28. Kc1 Bxe5 29. fxe5 Qxe5 0-1


[Site "https://www.chess.com"]

[Event "Titled Tuesday Blitz March 29 Late 2022"]
[White "Rudykh, Stepan"]
[Black "Reprintsev, Alexander"]
[WhiteFideId "4180321"]
[BlackFideId "14100541"]
[WhiteElo "2214"]
[BlackElo "2108"]
[Result "0-1"]
[Round "03"]
[TimeControl "180+1"]
[Date "2022.03.30"]
[WhiteClock "0:00:11"]
[BlackClock "0:01:30"]

1. e4 d5 2. exd5 Qxd5 3. Nc3 Qa5 4. d4 Nf6 5. Nf3 Nc6 6. Bb5 Ne4 7. O-O Nxc3 8. Bxc6+ bxc6 9. bxc3 Bf5 10. Bf4 e6 11. Ne5 Qxc3 12. Rb1 Bd6 13. Rb7 O-O 14. Qb1 c5 15. Rb3 Qxc2 16. Qxc2 Bxc2 17. Rc3 Ba4 18. dxc5 Be7 19. c6 Bd6 20. Bg3 Rfb8 21. Nd7 Rb2 22. Bxd6 cxd6 23. Rfc1 Rc8 24. h4 f6 25. Ra3 Bxc6 26. Nb8 Rbxb8 27. Rxc6 Rxc6 0-1


[Site "https://www.chess.com"]

[Event "Titled Tuesday Blitz March 29 Late 2022"]
[White "Rustemov, Alexander"]
[Black "Gracia Alvarez, Gerardo Antonio"]
[WhiteFideId "4119002"]
[BlackFideId "5109124"]
[WhiteElo "2766"]
[BlackElo "2139"]
[Result "1-0"]
[Round "03"]
[TimeControl "180+1"]
[Date "2022.03.29"]
[WhiteClock "0:01:44"]
[BlackClock "0:00:14"]

1. d4 d5 2. c4 e6 3. Nc3 a6 4. cxd5 exd5 5. Nf3 c6 6. Bg5 Be7 7. Bxe7 Qxe7 8. e3 Bf5 9. Be2 h6 10. O-O Nf6 11. Rc1 O-O 12. Na4 Nbd7 13. Nd2 Rfe8 14. a3 Ne4 15. Nxe4 Bxe4 16. Bf3 Bxf3 17. Qxf3 Qe4 18. Qxe4 Rxe4 19. b4 Re7 20. g3 f5 21. Nb2 g5 22. Nd3 Kg7 23. a4 Kf6 24. Rc2 h5 25. b5 axb5 26. axb5 cxb5 27. Rb1 Ra5 28. Rcb2 h4 29. Kg2 hxg3 30. hxg3 Nb6 31. Rxb5 Rxb5 32. Rxb5 Re6 33. Nc5 Rc6 34. Rxb6 1-0


[Site "https://www.chess.com"]

[Event "Titled Tuesday Blitz March 29 Late 2022"]
[White "Sanal, Vahap"]
[Black "Martinez Reyes, Pedro Ramon"]
[WhiteFideId "6300545"]
[BlackFideId "3901807"]
[WhiteElo "2603"]
[BlackElo "2410"]
[Result "1-0"]
[Round "03"]
[TimeControl "180+1"]
[Date "2022.03.29"]
[WhiteClock "0:02:19"]
[BlackClock "0:01:06"]

1. e4 e6 2. d4 d5 3. Nd2 Nf6 4. e5 Ne4 5. Bd3 Nxd2 6. Bxd2 c5 7. c3 cxd4 8. cxd4 Qb6 9. Ne2 Bd7 10. O-O Bb5 11. Bc3 Nc6 12. a4 Bxd3 13. Qxd3 Bb4 14. Qg3 O-O 15. Nf4 Nxd4 16. a5 Qc5 17. Bxd4 Qxd4 18. Ra4 Qxb2 19. Nd3 Qc3 20. Rxb4 Rfc8 21. Rxb7 Qxa5 22. Nf4 Rc3 23. Qg5 h6 24. Qe7 Rf8 25. Nxe6 1-0


[Site "https://www.chess.com"]

[Event "Titled Tuesday Blitz March 29 Late 2022"]
[White "Sanchez, Robert"]
[Black "Ezat, Mohamed"]
[WhiteFideId "2034360"]
[BlackFideId "10600906"]
[WhiteElo "2287"]
[BlackElo "2386"]
[Result "0-1"]
[Round "03"]
[TimeControl "180+1"]
[Date "2022.03.30"]
[WhiteClock "0:00:55"]
[BlackClock "0:00:49"]

1. e4 c6 2. d4 d5 3. e5 c5 4. Nf3 Nc6 5. dxc5 Bg4 6. Bf4 e6 7. Be2 Bxc5 8. O-O Nge7 9. h3 Bxf3 10. Bxf3 Ng6 11. Bh2 Ngxe5 12. Be2 O-O 13. Nd2 Kh8 14. Nb3 Bb6 15. a4 a6 16. a5 Ba7 17. Ra4 Rc8 18. c3 Qf6 19. Rf4 Qg6 20. Nd4 Nxd4 21. cxd4 Nc6 22. Bd3 Qh6 23. Bg3 f5 24. Rh4 Qg6 25. Bb1 Qf6 26. Qh5 h6 27. Be5 Nxe5 28. dxe5 Qxe5 29. g4 Bxf2+ 30. Rxf2 Qg3+ 31. Kf1 Rc1+ 32. Ke2 Rxb1 0-1


[Site "https://www.chess.com"]

[Event "Titled Tuesday Blitz March 29 Late 2022"]
[White "Sarkar, Justin"]
[Black "Harish, Neeraj"]
[WhiteFideId "2010011"]
[BlackFideId "30958130"]
[WhiteElo "2038"]
[BlackElo "1574"]
[Result "1-0"]
[Round "03"]
[TimeControl "180+1"]
[Date "2022.03.30"]
[WhiteClock "0:00:09"]
[BlackClock "0:00:04"]

1. e4 c5 2. Nf3 d6 3. d4 cxd4 4. Nxd4 Nf6 5. Nc3 g6 6. Be3 Bg7 7. f3 O-O 8. Qd2 Nc6 9. Bc4 Bd7 10. O-O-O h5 11. h3 Ne5 12. Bb3 Rc8 13. g4 Qa5 14. Kb1 Nc4 15. Bxc4 Rxc4 16. Nd5 Qd8 17. Nxf6+ Bxf6 18. gxh5 Qb6 19. b3 Rfc8 20. hxg6 fxg6 21. Rhg1 Be8 22. Ne6 Qb5 23. Nd4 Qe5 24. bxc4 Rxc4 25. c3 Qc5 26. Nb3 Qb5 27. Bd4 a5 28. Bxf6 exf6 29. Qxd6 a4 30. Qd5+ 1-0


[Site "https://www.chess.com"]

[Event "Titled Tuesday Blitz March 29 Late 2022"]
[White "Sjugirov, Sanan"]
[Black "Hjartarson, Johann"]
[WhiteFideId "4189302"]
[BlackFideId "2300044"]
[WhiteElo "2602"]
[BlackElo "2450"]
[Result "0-1"]
[Round "03"]
[TimeControl "180+1"]
[Date "2022.03.29"]
[WhiteClock "0:00:01"]
[BlackClock "0:00:24"]

1. e4 g6 2. d4 Bg7 3. Nf3 d6 4. Bd3 Nc6 5. c3 e5 6. h3 Nf6 7. O-O O-O 8. Re1 h6 9. Nbd2 a6 10. Nf1 Nh5 11. Bc2 Qf6 12. Ne3 exd4 13. Nd5 Qd8 14. cxd4 Be6 15. Nc3 Ne7 16. Be3 b5 17. Qd2 g5 18. e5 dxe5 19. Nxe5 Nd5 20. Ne4 Ndf4 21. Nc5 Bd5 22. f3 Qd6 23. Rad1 Rad8 24. Bb1 f5 25. Bc2 Rde8 26. Bxf4 Nxf4 27. Qc3 c6 28. Bb3 Kh7 29. Bxd5 Nxd5 30. Qc2 Kh8 31. Ncd7 Bxe5 32. Nxe5 Re6 33. Rc1 Kg7 34. a3 Rfe8 35. Qd2 Nf4 36. Rcd1 Qd5 37. Qf2 c5 38. dxc5 Rxe5 39. Rxd5 Rxe1+ 40. Kh2 Nxd5 41. Qd4+ Nf6 42. c6 Rc1 43. Qa7+ Kg6 44. Qxa6 Ree1 45. Qa8 f4 0-1


[Site "https://www.chess.com"]

[Event "Titled Tuesday Blitz March 29 Late 2022"]
[White "Steinberg, Nitzan"]
[Black "Aldokhin, Ivan"]
[WhiteFideId "2801795"]
[BlackFideId "24115720"]
[WhiteElo "2440"]
[BlackElo "2231"]
[Result "1-0"]
[Round "03"]
[TimeControl "180+1"]
[Date "2022.03.29"]
[WhiteClock "0:00:49"]
[BlackClock "0:00:03"]

1. Nf3 Nf6 2. d4 g6 3. Nbd2 Bg7 4. e4 d6 5. c3 c5 6. Bd3 cxd4 7. cxd4 O-O 8. h3 Nc6 9. O-O Bd7 10. Re1 e5 11. d5 Nb4 12. Bb1 a5 13. a3 Na6 14. Nf1 Nc5 15. Ng3 Ba4 16. Bc2 Bxc2 17. Qxc2 Rc8 18. Qe2 a4 19. Rb1 Qa5 20. Bd2 Qa6 21. Bb4 Nd3 22. Red1 Nxb4 23. axb4 Qxe2 24. Nxe2 Nxe4 25. Ra1 b5 26. Ne1 f5 27. f3 Nf6 28. Nc3 Rb8 29. Nc2 Rb7 30. Kf2 e4 31. Nd4 Rfb8 32. g4 exf3 33. gxf5 Nd7 34. fxg6 Bxd4+ 35. Rxd4 hxg6 36. Ne4 Rb6 37. Ng5 Ne5 38. Rc1 Ra8 39. Rc7 a3 40. bxa3 Rxa3 41. Rh4 Ra2+ 42. Ke3 Re2+ 43. Kd4 Rb8 44. Rhh7 Rd2+ 45. Kc3 Rd3+ 46. Kc2 Ra8 47. Rcg7+ Kf8 48. Ne6+ Ke8 49. Re7# 1-0


[Site "https://www.chess.com"]

[Event "Titled Tuesday Blitz March 29 Late 2022"]
[White "Svane, Rasmus"]
[Black "Godzwon, Iwo"]
[WhiteFideId "4657101"]
[BlackFideId "21802483"]
[WhiteElo "2645"]
[BlackElo "2201"]
[Result "1/2-1/2"]
[Round "03"]
[TimeControl "180+1"]
[Date "2022.03.29"]
[WhiteClock "0:00:13"]
[BlackClock "0:00:11"]

1. Nf3 c5 2. c4 g6 3. d4 cxd4 4. Nxd4 Bg7 5. e4 Nc6 6. Be3 Nf6 7. Nc3 O-O 8. Be2 d6 9. O-O Bd7 10. Nc2 Rc8 11. f4 a6 12. Rc1 Ne8 13. Qd2 Nc7 14. Rcd1 b5 15. c5 Ne8 16. e5 Bf5 17. cxd6 exd6 18. exd6 Qxd6 19. Qxd6 Nxd6 20. Rxd6 Bxc2 21. Bf3 Na5 22. Nd5 Nc4 23. Ne7+ Kh8 24. Nxc8 Rxc8 25. Bc5 Nxd6 26. Bxd6 Bxb2 27. Bb7 Rd8 28. Be5+ Bxe5 29. fxe5 Kg7 30. Bxa6 Rd5 31. Re1 Bd3 32. Rd1 Kf8 33. Kf2 Ke7 34. a3 Bc4 35. Rxd5 Bxd5 36. Bxb5 Ke6 37. a4 Kxe5 38. a5 Kd6 39. g3 Kc5 40. Be2 Kb4 41. a6 Ka5 42. a7 Kb6 43. Bf3 Bxf3 44. Kxf3 Kxa7 45. Ke4 Kb6 46. Ke5 f5 47. Kf6 Kc5 48. h4 Kd4 49. Kg7 Ke4 50. Kxh7 Kf3 51. Kxg6 Kxg3 52. h5 f4 53. h6 f3 54. h7 f2 55. h8=Q f1=Q 56. Qc3+ Qf3 57. Qxf3+ Kxf3 1/2-1/2


[Site "https://www.chess.com"]

[Event "Titled Tuesday Blitz March 29 Late 2022"]
[White "Taichman, Ori"]
[Black "Ibarra Jerez, Jose Carlos"]
[WhiteFideId "2804069"]
[BlackFideId "2226332"]
[WhiteElo "2227"]
[BlackElo "2626"]
[Result "1/2-1/2"]
[Round "03"]
[TimeControl "180+1"]
[Date "2022.03.29"]
[WhiteClock "0:02:01"]
[BlackClock "0:00:26"]

1. e4 c5 2. b3 g6 3. Bb2 Nf6 4. Qf3 d6 5. Nc3 Bg7 6. Nd5 O-O 7. Nxf6+ exf6 8. O-O-O Nc6 9. h4 h5 10. Qc3 Nd4 11. Ne2 f5 12. Nxd4 Bxd4 13. Qf3 fxe4 14. Qxe4 Bxb2+ 15. Kxb2 Qf6+ 16. c3 Qxf2 17. Bc4 Bf5 18. Qxb7 Rab8 19. Bxf7+ Kg7 20. Qxa7 Ra8 21. Qb7 Rab8 22. Qa7 Ra8 23. Qb7 Rab8 24. Qa7 1/2-1/2


[Site "https://www.chess.com"]

[Event "Titled Tuesday Blitz March 29 Late 2022"]
[White "Terletsky, Oleg"]
[Black "Krishnan, Varun"]
[WhiteFideId "14116774"]
[BlackFideId "5054508"]
[WhiteElo "2064"]
[BlackElo "2590"]
[Result "1/2-1/2"]
[Round "03"]
[TimeControl "180+1"]
[Date "2022.03.30"]
[WhiteClock "0:00:10"]
[BlackClock "0:00:47"]

1. e4 c5 2. Nf3 e6 3. d4 cxd4 4. Nxd4 Nc6 5. Nb5 d6 6. c4 Nf6 7. N1c3 a6 8. Na3 Be7 9. Be2 O-O 10. O-O b6 11. Be3 Bb7 12. Rc1 Rc8 13. f3 Nb4 14. Qb3 d5 15. cxd5 exd5 16. Rfd1 b5 17. Nxd5 Nfxd5 18. Rxc8 Qxc8 19. exd5 Bc5 20. Rc1 Bxe3+ 21. Qxe3 Qd8 22. Qd4 Nxa2 23. Rd1 Qd6 24. Nc2 Rd8 25. Ne3 g6 26. Ng4 h5 27. Nf6+ Kf8 28. Nh7+ Kg8 29. Nf6+ Kf8 30. Nh7+ Kg8 31. Nf6+ 1/2-1/2


[Site "https://www.chess.com"]

[Event "Titled Tuesday Blitz March 29 Late 2022"]
[White "Tsukerman, Julia"]
[Black "Gatterer, Florian"]
[WhiteFideId "2621649"]
[BlackFideId "811688"]
[WhiteElo "2131"]
[BlackElo "2218"]
[Result "0-1"]
[Round "03"]
[TimeControl "180+1"]
[Date "2022.03.30"]
[WhiteClock "0:00:24"]
[BlackClock "0:00:36"]

1. e4 d6 2. d4 Nf6 3. Nc3 g6 4. Be3 a6 5. f3 b5 6. Qd2 Nbd7 7. O-O-O Nb6 8. g4 h5 9. g5 Nfd7 10. h4 b4 11. Nb1 a5 12. b3 a4 13. Bh3 axb3 14. cxb3 Bg7 15. Ne2 O-O 16. f4 e6 17. f5 exf5 18. exf5 Re8 19. fxg6 fxg6 20. Rhf1 Nd5 21. Bg1 Ba6 22. Rde1 N7b6 23. Rf3 Kh7 24. Nf4 Nxf4 25. Rxf4 Nd5 26. Rf7 Rxe1+ 27. Qxe1 Qe8 28. Qf2 Bd3 29. Bg2 c6 30. Kb2 Bxb1 31. Kxb1 Nc3+ 32. Ka1 Rxa2+ 0-1


[Site "https://www.chess.com"]

[Event "Titled Tuesday Blitz March 29 Late 2022"]
[White "Vachier-Lagrave, Maxime"]
[Black "Sapunov, Evgeny"]
[WhiteFideId "623539"]
[BlackFideId "4126661"]
[WhiteElo "2813"]
[BlackElo "2470"]
[Result "1-0"]
[Round "03"]
[TimeControl "180+1"]
[Date "2022.03.29"]
[WhiteClock "0:01:07"]
[BlackClock "0:00:46"]

1. d4 Nf6 2. c4 g6 3. Nc3 Bg7 4. e4 O-O 5. h4 h5 6. Be2 d6 7. Bg5 Nc6 8. Nf3 Bg4 9. Qd2 Bxf3 10. gxf3 e5 11. d5 Nd4 12. O-O-O Qe8 13. Kb1 c5 14. dxc6 bxc6 15. f4 Nh7 16. f5 Rb8 17. Rhg1 Nxg5 18. hxg5 Qd8 19. f6 Bh8 20. Bxh5 gxh5 21. Rh1 Re8 22. f4 Bxf6 23. gxf6 Qxf6 24. f5 Kf8 25. Rxh5 Red8 26. Rh6 Qg7 27. f6 Qg8 28. Rdh1 Ke8 29. Rh8 Kd7 30. Rxg8 Rxg8 31. Na4 Ke6 32. Qa5 Rb7 33. Rf1 Rgb8 34. Rf2 Rg8 35. b3 Rgb8 36. Kb2 Rg8 37. Qc3 c5 38. Qh3+ 1-0


[Site "https://www.chess.com"]

[Event "Titled Tuesday Blitz March 29 Late 2022"]
[White "Van Foreest, Jorden"]
[Black "Lewicki, Miroslaw"]
[WhiteFideId "1039784"]
[BlackFideId "1113380"]
[WhiteElo "2609"]
[BlackElo "2283"]
[Result "1-0"]
[Round "03"]
[TimeControl "180+1"]
[Date "2022.03.29"]
[WhiteClock "0:00:01"]
[BlackClock "0:00:04"]

1. g4 e5 2. Bg2 Nc6 3. h3 d6 4. d3 Nf6 5. e3 Be7 6. Ne2 O-O 7. Ng3 d5 8. g5 Ne8 9. h4 Be6 10. b3 Nd6 11. Bb2 Nf5 12. Nxf5 Bxf5 13. Nd2 Qd7 14. Qe2 a5 15. a3 b5 16. O-O Bc5 17. e4 Be6 18. exd5 Bxd5 19. Ne4 Bb6 20. c4 Be6 21. c5 Ba7 22. Rac1 Bxb3 23. f4 exf4 24. Rxf4 Rae8 25. h5 Bd5 26. h6 Bxe4 27. hxg7 Bxg2 28. Qxg2 Ne5 29. gxf8=Q+ Kxf8 30. Rcf1 Bxc5+ 31. Kh1 Bd6 32. Qh2 Kg8 33. Qh5 Re6 34. Bxe5 Bxe5 35. Rxf7 Qd5+ 36. R1f3 Re8 37. Qxh7# 1-0


[Site "https://www.chess.com"]

[Event "Titled Tuesday Blitz March 29 Late 2022"]
[White "Van den Dikkenberg, Erik"]
[Black "Galego, Luis"]
[WhiteFideId "1005880"]
[BlackFideId "1900072"]
[WhiteElo "2118"]
[BlackElo "2516"]
[Result "0-1"]
[Round "03"]
[TimeControl "180+1"]
[Date "2022.03.30"]
[WhiteClock "0:00:27"]
[BlackClock "0:00:25"]

1. e4 c5 2. Nc3 Nc6 3. f4 e6 4. Nf3 d5 5. Bb5 Ne7 6. O-O a6 7. Bxc6+ Nxc6 8. d3 Be7 9. Kh1 b5 10. Qe1 Bb7 11. e5 Rc8 12. Qg3 g6 13. f5 exf5 14. e6 fxe6 15. Bg5 O-O 16. Rae1 Bxg5 17. Nxg5 Nd4 18. Nxe6 Nxe6 19. Rxe6 d4 20. Rxg6+ Kh8 21. Rg7 Rg8 22. Rxg8+ Qxg8 23. Qe5+ Qg7 24. Qxg7+ Kxg7 25. Ne2 Re8 26. Nf4 Kf6 27. h3 Kg5 28. Kh2 Re3 29. Rf2 c4 30. g3 Re1 31. h4+ Kg4 32. Ng2 Re5 33. Rf4+ Kh5 34. Rf2 c3 35. bxc3 dxc3 36. Nf4+ Kg4 37. Nh3 Bf3 38. Ng5 Re3 39. a3 a5 40. Nf7 f4 41. gxf4 Kxf4 42. Ng5 b4 43. axb4 axb4 44. Nh3+ Kg4 45. Ng5 h6 46. Nh3 Kxh4 47. Ng1 Kg4 48. Nxf3 Rxf3 49. Rg2+ Kf4 50. Rg6 Ke3 51. Rb6 Rf4 52. Kg3 Rd4 53. Rxh6 b3 54. cxb3 c2 55. Rc6 Kd2 56. Kf2 Rxd3 57. b4 c1=Q 0-1


[Site "https://www.chess.com"]

[Event "Titled Tuesday Blitz March 29 Late 2022"]
[White "Vifleemskaia, Svetlana"]
[Black "Bachmann, Axel"]
[WhiteFideId "4129490"]
[BlackFideId "3700488"]
[WhiteElo "1901"]
[BlackElo "2587"]
[Result "1/2-1/2"]
[Round "03"]
[TimeControl "180+1"]
[Date "2022.03.30"]
[WhiteClock "0:00:13"]
[BlackClock "0:00:10"]

1. d4 Nf6 2. c4 g6 3. Nc3 Bg7 4. e4 d6 5. Nge2 O-O 6. Ng3 c5 7. d5 e6 8. Be2 exd5 9. cxd5 a6 10. a4 Nbd7 11. O-O h5 12. Bg5 Qc7 13. Qd2 Ne5 14. Bh6 Nfg4 15. Bxg7 Kxg7 16. Nxh5+ gxh5 17. Qg5+ Ng6 18. h3 Nh6 19. Bxh5 Qe7 20. f4 Qxg5 21. fxg5 Ng8 22. Bxg6 fxg6 23. Rxf8 Kxf8 24. e5 dxe5 25. Re1 Bd7 26. Rxe5 Re8 27. Rxe8+ Kxe8 28. Ne4 b6 29. a5 bxa5 30. Nxc5 Ne7 31. d6 Nf5 32. Nxa6 Nxd6 33. Kf2 Ne4+ 34. Ke3 Nxg5 35. Kd4 Ke7 36. Ke5 Nf7+ 37. Kd5 Nd8 38. g4 Be6+ 39. Kc5 Bd7 40. Kb6 a4 41. Nc5 Ne6 42. Nxd7 Kxd7 43. h4 Kd6 44. h5 g5 45. h6 Nf8 46. Kb5 Ke5 47. Kxa4 Kf4 48. b4 Kxg4 49. b5 Kf5 50. b6 Kg6 51. b7 Nd7 52. Kb5 g4 53. Kc6 Nb8+ 54. Kc7 Na6+ 55. Kb6 Nb8 56. Kc7 g3 57. Kxb8 g2 58. Kc8 g1=Q 59. b8=Q Qc5+ 60. Qc7 Qxc7+ 61. Kxc7 Kxh6 1/2-1/2


[Site "https://www.chess.com"]

[Event "Titled Tuesday Blitz March 29 Late 2022"]
[White "Vine, Elzbieta"]
[Black "Gurevich, Dmitry"]
[WhiteFideId "1119320"]
[BlackFideId "2000407"]
[WhiteElo "1837"]
[BlackElo "2506"]
[Result "0-1"]
[Round "03"]
[TimeControl "180+1"]
[Date "2022.03.30"]
[WhiteClock "0:00:02"]
[BlackClock "0:00:55"]

1. e4 c5 2. Nf3 d6 3. d4 cxd4 4. Nxd4 Nf6 5. Nc3 Nc6 6. Be3 Ng4 7. Bc4 Nxe3 8. fxe3 e6 9. O-O Be7 10. Qh5 O-O 11. Rf3 g6 12. Rg3 Bh4 13. Rg4 Bf6 14. Nf5 Ne5 15. Rg3 Nxc4 16. Qh6 exf5 17. Rh3 Re8 18. Qxh7+ Kf8 19. Qh6+ Bg7 20. Qf4 fxe4 21. Rf1 Qf6 0-1


[Site "https://www.chess.com"]

[Event "Titled Tuesday Blitz March 29 Late 2022"]
[White "Vusatiuk, Vladimir"]
[Black "Smirnov, Pavel"]
[WhiteFideId "14118610"]
[BlackFideId "4123425"]
[WhiteElo "2157"]
[BlackElo "2545"]
[Result "0-1"]
[Round "03"]
[TimeControl "180+1"]
[Date "2022.03.30"]
[WhiteClock "0:00:02"]
[BlackClock "0:01:27"]

1. d4 Nf6 2. c4 e6 3. Nc3 Bb4 4. e3 O-O 5. Nf3 d5 6. Bd2 b6 7. cxd5 exd5 8. Rc1 Bb7 9. Bd3 a6 10. O-O Bd6 11. Ne5 c5 12. f4 Nc6 13. Be1 cxd4 14. Nxc6 Bxc6 15. Ne2 Bb7 16. Nxd4 Bc5 17. Bh4 Re8 18. Qf3 Qe7 19. Nf5 Qe6 20. Qg3 g6 21. Rce1 Nh5 22. Qg5 f6 23. Qg4 Kh8 24. Kh1 Ng7 25. Nh6 f5 26. Qh3 Bxe3 27. Nf7+ Qxf7 28. Rxe3 d4 29. Re5 Kg8 30. Rfe1 Rxe5 31. fxe5 Qxa2 32. Bf6 Qd5 33. b3 b5 34. Qh6 Ne6 35. Qh3 Nf4 36. Qg3 Nxd3 37. Rd1 f4 38. Qh3 Nf2+ 39. Kg1 0-1


[Site "https://www.chess.com"]

[Event "Titled Tuesday Blitz March 29 Late 2022"]
[White "Winkels, Marcel"]
[Black "Ladan, Nicholas"]
[WhiteFideId "1003887"]
[BlackFideId "30918855"]
[WhiteElo "1900"]
[BlackElo "2167"]
[Result "1-0"]
[Round "03"]
[TimeControl "180+1"]
[Date "2022.03.30"]
[WhiteClock "0:00:46"]
[BlackClock "0:00:05"]

1. e4 e5 2. Nf3 Nc6 3. Bc4 Nf6 4. d3 h6 5. c3 d6 6. O-O g5 7. Qb3 Qe7 8. Bb5 Bd7 9. Nbd2 a6 10. Bc4 b5 11. Bd5 Na5 12. Qa3 Nxd5 13. exd5 Nb7 14. d4 e4 15. Nxe4 f5 16. Nexg5 hxg5 17. Re1 g4 18. Rxe7+ Bxe7 19. Ng5 Rh5 20. Ne6 Bxe6 21. dxe6 d5 22. Qb3 c6 23. Bf4 O-O-O 24. a4 Na5 25. Qc2 Nc4 26. b3 Nb6 27. axb5 axb5 28. Ra7 Bd6 29. Qd2 Bb8 30. Bxb8 Kxb8 31. e7 Re8 32. Qa2 Rh7 33. Qa6 Rhxe7 34. Qxb6+ Kc8 35. Qxc6+ Kd8 36. Ra8# 1-0


[Site "https://www.chess.com"]